 Dungeon Crawl Stone Soup version 0.30-a0-1163-gf69bf04e7a (webtiles) character file.

Game seed: 15708519841104328531

488 Maxmaps the Trooper (level 6, -6/51 HPs)
             Began as a Demonspawn Monk on Apr 28, 2023.
             Mangled by Jase's ghost (13 damage)
             ... on level 4 of the Dungeon.
             The game lasted 00:04:42 (3695 turns).

Maxmaps the Trooper (Demonspawn Monk)               Turns: 3695, Time: 00:04:42

Health: -6/51      AC:  9    Str: 14    XL:     6   Next: 90%
Magic:  6/6        EV: 11    Int: 14    God:
Gold:   200        SH:  0    Dex: 18    Spells: 5/5 levels left

rFire   . . .        n - +5 long sword of Cuyghuuc {flame, Str+3 Dex+3}
rCold   . . .        d - orb {light}
rNeg    . . .        g - +0 ring mail
rPois   .            i - +0 hat
rElec   .            (no cloak)
rCorr   .            (no gloves)
SInv    .            (no boots)
Will    .....        x - amulet of magic regeneration
Stlth   +            o - +4 ring of protection
HPRegen 0.28/turn    (no ring)
MPRegen 0.50/turn

%: no passive effects
@: mighty, lethally poisoned (-6 -> -6), glowing
A: hooves 1, horns 2, demonic touch 1
a: no special abilities


You were on level 4 of the Dungeon.
You visited 1 branch of the dungeon, and saw 4 of its levels.

You collected 200 gold pieces.

Inventory:

Hand Weapons
 a - a +0 hand axe
 n - the +5 long sword of Cuyghuuc (weapon) {flame, Str+3 Dex+3}
   (You found it on level 2 of the Dungeon)

   Str:       It affects your strength (+3).
   Dex:       It affects your dexterity (+3).
Missiles
 s - a throwing net (quivered)
Armour
 d - an orb of light (worn)
 g - a +0 ring mail (worn)
 i - a +0 hat (worn)
Jewellery
 o - a +4 ring of protection (left hand)
 x - an amulet of magic regeneration (around neck)
Scrolls
 b - 3 scrolls of vulnerability
 h - a scroll of magic mapping
 l - 2 scrolls of noise
 y - a scroll of blinking
Potions
 c - a potion of ambrosia
 f - 2 potions of magic
 j - 2 potions of attraction
 k - a potion of cancellation
 t - a potion of curing {unknown}
 u - 2 potions of degeneration


   Skills:
 - Level 5.2 Fighting
 + Level 4.7 Long Blades
 - Level 3.2 Axes
 - Level 2.6 Dodging


You had 5 spell levels left.
You didn't know any spells.
Your spell library contained the following spells:

 Spells                   Type           Power      Damage    Failure   Level
 Gell's Gravitas          Tloc           0%         N/A       87%         3
 Teleport Other           Tloc           0%         N/A       87%         3
 Dispersal                Tloc           0%         N/A       100%        6


Dungeon Overview and Level Annotations

Branches:
Dungeon (4/15)
 Temple: D:4-7

Altars:
Nemelex Xobeh
Okawaru

Annotations:
D:4 Jase's ghost, novice FoFi


Innate Abilities, Weirdness & Mutations

You have large cloven feet.
You have a pair of horns on your head.
Your touch may inflict minor irresistible damage on your foes.


Message History

You start waiting.
Your butterfly disappears in a burst of colours! x14
Done waiting.
Okay, then.
The adder hisses angrily.
The adder hisses angrily.
Jase's ghost turns its malevolent gaze towards you.
Jase's ghost screams, "I'll kill anyone who wants the ORB!"
As you open the door, it creaks loudly!
You closely miss the adder. You kick the adder, but do no damage.
The adder barely misses you. The adder bites you but does no damage.
You slash the adder! You burn the adder.
The adder is almost dead.
The adder bites you.
The adder bites you but does no damage. x2
The adder barely misses you.
You slash the adder! You burn the adder.
You kill the adder!
The adder closely misses you.
You barely miss the adder. The adder bites you but does no damage.
The adder bites you.
You are poisoned.
The adder poisons you!
You slash the adder! You burn the adder.
You kill the adder!
You feel sick.
You hit Jase's ghost. You burn Jase's ghost.
You kick Jase's ghost, but do no damage.
Jase's ghost is lightly damaged.
You feel sick. Jase's ghost hits you!
You hit Jase's ghost. You burn Jase's ghost. You headbutt Jase's ghost!
Jase's ghost is moderately damaged.
You feel sick.
Jase's ghost says, "I will deal out your death!"
Jase's ghost hits you! x2
* * * LOW HITPOINT WARNING * * *
You feel much better.
You feel sick. Jase's ghost hits you!
* * * LOW HITPOINT WARNING * * *
You feel very mighty all of a sudden.
You feel sick. Jase's ghost hits you!
You die...

...## #....##.# ##.###
...# ###.##.##.# ##...
>..# #.........#######
###.#
...######.###...###.....#
#....
.......##.###.#.###.....#
#.#.#
............#.....†.....#
#.#.#
.......##.#.##..###.....#
#.#.#
...######.#.##...##.<...#
#.#.# ...###
#......†@.......# #....
.....# ######.#W#.####.#
##.## ...#.#
#.#~#.####.######.#
#.##.#
#.#~#..........##.#
.....#
###~#.#..#.###.##.#
###..# #~#.#..#.###.##.#
#..#### #/#.............#
#.....# #~###..##.##.####
#.###.# *** #........#


You could see Jase's ghost.

Vanquished Creatures
  2 hounds (D:4)
  A gnoll bouda (D:4)
  A sleepcap (D:4)
  Jessica (D:2)
  2 orc wizards
  14 gnolls
  4 adders
  3 worms
  2 dart slugs
  3 orcs (D:3)
  9 bats
  8 endoplasms
  5 giant cockroaches
  10 goblins
  9 hobgoblins
  6 jackals
  4 quokkas
  15 ball pythons
  3 frilled lizards
  8 kobolds
  8 rats
118 creatures vanquished.

Notes
Turn   | Place    | Note
-------+----------+-------------------------------------------
     0 | D:1      | Maxmaps the Demonspawn Monk began the quest for the Orb.
     0 | D:1      | Reached XP level 1. HP: 18/18 MP: 1/1
    81 | D:1      | Discovered your monstrous ancestry.
    81 | D:1      | Gained mutation: Your touch may inflict minor irresistible
                  | damage on your foes. [demonic ancestry]
    81 | D:1      | Reached XP level 2. HP: 24/24 MP: 2/2
   261 | D:1      | Found a faded altar of an unknown god.
   499 | D:1      | Gained mutation: You have a pair of small horns on your
                  | head. [demonic ancestry]
   499 | D:1      | Reached XP level 3. HP: 29/30 MP: 3/3
   693 | D:2      | Reached skill level 4 in Fighting
   732 | D:2      | Noticed Jessica
   744 | D:2      | Killed Jessica
   745 | D:2      | Gained mutation: You have a pair of horns on your head.
                  | [demonic ancestry]
   745 | D:2      | Reached XP level 4. HP: 34/38 MP: 4/4
   943 | D:2      | Identified the +5 long sword of Cuyghuuc {flame, Str+3
                  | Dex+3}
  1310 | D:2      | Reached skill level 5 in Fighting
  1836 | D:3      | Gained mutation: You have large cloven feet. [demonic
                  | ancestry]
  1836 | D:3      | Reached XP level 5. HP: 44/44 MP: 5/5
  1910 | D:3      | Reached skill level 1 in Long Blades
  2608 | D:3      | Reached XP level 6. HP: 51/51 MP: 6/6
  2870 | D:4      | Found a runed translucent door.
  2880 | D:4      | Noticed Jase's ghost (novice FoFi)
  3461 | D:4      | Found a sparkling altar of Nemelex Xobeh.
  3461 | D:4      | Found an iron altar of Okawaru.
  3695 | D:4      | Mangled by Jase's ghost

Illustrated notes

Levels and vault maps discovered:
D:1:      dpeg_arrival_prison, layout_rooms, basic_ecumenical_altar,
          chequers_serial_rivers_micro_a
D:2:      layout_loops_ring, uniq_jessica
D:3:      minmay_skewed_foursquare, layout_rooms, zin_statuary
D:4:      layout_loops_cross, gammafunk_temple_overflow_elements,
          ebering_ghost_sewer_d, minivault_19, hex_large

Skill      XL: |  1  2  3  4  5  6 |
---------------+-------------------+-----
Axes           | 3 |  3.2
Fighting       | 4 5 |  5.2
Long Blades    | 3 4 |  4.7
Dodging        | |  2.6

Action                     |  1- 3 |  4- 6 || total
---------------------------+-------+-------++-------
  Melee: Hand axe          |    79 |    30 ||   109
         Headbutt          |    12 |    29 ||    41
         Long sword        |       |   127 ||   127
         Kick              |       |    30 ||    30
    Use: Scroll            |       |    14 ||    14
         Potion            |       |     2 ||     2
 Armour: Robe              |     7 |       ||     7
         Ring mail         |    18 |    64 ||    82
  Dodge: Dodged            |    53 |    97 ||   150

Table legend: (Time is in decaauts)
 A = Elapsed time spent in this place.
 B = Non-inter-level travel time spent in this place.
 C = Inter-level travel time spent in this place.
 D = Time resting spent in this place.
 E = Time spent auto-exploring this place.
 F = Levels seen in this place.
 G = Mean time per level.
                   A        B        C        D        E       F      G
               +--------+--------+--------+--------+--------+-----+--------+
         Total |   3752 |   3567 |    185 |    682 |   2170 |   4 |  938.0 |
       Dungeon |   3752 |   3567 |    185 |    682 |   2170 |   4 |  938.0 |
               +--------+--------+--------+--------+--------+-----+--------+

Top non-repeatable levels by time:
     D:2: 1296 daAuts
     D:4: 1002 daAuts
     D:3: 847 daAuts
     D:1: 604 daAuts
